 Dungeon Crawl Stone Soup version 0.30.0-10-gfe55d96785 (webtiles) character file.

Game seed: 5305711179224966092

308 monsoonserge the Slasher (level 7, -1/60 HPs)
             Began as a Meteoran Monk on May 16, 2023.
             Succumbed to a water moccasin's poison
             ... on level 5 of the Dungeon.
             The game lasted 00:12:37 (1715 turns).

monsoonserge the Slasher (Meteoran Monk)            Turns: 1715, Time: 00:12:37

Health: -1/60      AC:  8    Str: 12    XL:     7   Next: 0%
Magic:  8/8        EV: 13    Int: 12    God:
Gold:   135        SH:  0    Dex: 19    Spells: 6/6 levels left

rFire   + . .        a - +0 falchion
rCold   . . .        d - orb {light}
rNeg    . . .        p - +0 ring mail
rPois   .            (no helmet)
rElec   .            h - +0 cloak
rCorr   .            j - +0 pair of gloves
SInv    .            n - +0 pair of boots {Stlth+}
Will    .....        (no amulet)
Stlth   +            x - ring of protection from fire
HPRegen 0.30/turn    (no ring)
MPRegen 0.11/turn

%: no passive effects
@: lethally poisoned (-1 -> -24), glowing
A: sense surroundings 1, otherworldly, glowing, explore regen
a: no special abilities


You were on level 5 of the Dungeon.
You visited 2 branches of the dungeon, and saw 6 of its levels.

You collected 135 gold pieces.

Inventory:

Hand Weapons
 a - a +0 falchion (weapon)
Missiles
 i - 4 curare-tipped darts (quivered)
Armour
 d - an orb of light (worn)
 h - a +0 cloak (worn)
 j - a +0 pair of gloves (worn)
 n - a +0 pair of boots of stealth (worn)
 p - a +0 ring mail (worn)
Jewellery
 x - a ring of protection from fire (left hand)
Scrolls
 b - a scroll of poison {unknown}
 m - 2 scrolls of fear
 o - 2 scrolls of teleportation
 r - a scroll of immolation {unknown}
 t - a scroll of fog
 u - 4 scrolls of blinking
 v - a scroll of brand weapon
 w - a scroll of torment
 y - 2 scrolls of enchant weapon
Potions
 c - a potion of ambrosia
 e - a potion of haste {unknown}
 f - a potion of flight {unknown}
 k - 2 potions of curing
 l - 3 potions of brilliance
 q - a potion of resistance {unknown}


   Skills:
 + Level 4.5 Fighting
 + Level 6.5 Long Blades
 + Level 1.9 Armour
 + Level 4.7 Dodging


You had 6 spell levels left.
You didn't know any spells.
Your spell library contained the following spells:

 Spells                   Type           Power      Damage    Failure   Level
 Poisonous Vapours        Pois/Air       0%         N/A       73%         2
 Mephitic Cloud           Conj/Pois/Air  0%         N/A       91%         3
 Stone Arrow              Conj/Erth      0%         3d7       91%         3
 Animate Armour           Summ/Erth      0%         N/A       100%        4
 Olgreb's Toxic Radiance  Pois           0%         N/A       100%        4
 Freezing Cloud           Conj/Ice/Air   0%         6-21      100%        5
 Discord                  Hex            0%         N/A       100%        8
 Ignition                 Fire           0%         3d3       100%        8
 Lehudib's Crystal Spear  Conj/Erth      0%         10d2      100%        8


Dungeon Overview and Level Annotations

Branches:
Dungeon (5/15) Zot: 1442   Temple (1/1) D:4 Zot: 418

Altars:
Ashenzari
Dithmenos
Elyvilon
Gozag
Kikubaaqudgha
Makhleb
Nemelex Xobeh
Ru
Sif Muna
Uskayaw
Wu Jian
Yredelemnul
Zin


Innate Abilities, Weirdness & Mutations

You passively map a small area around you.
You are easily found by Zot.
You glow in the dark.
You regain HP and MP as you explore.


Message History

You are too injured to fight recklessly!
Okay, then.
You hit the water moccasin.
The water moccasin is severely wounded.
You feel very sick. The water moccasin bites you.
You are lethally poisoned!
The water moccasin poisons you!
You hit the water moccasin but do no damage.
The water moccasin is severely wounded.
* * * LOW HITPOINT WARNING * * *
You feel extremely sick. The water moccasin barely misses you.
You completely miss the water moccasin.
The water moccasin is severely wounded.
* * * LOW HITPOINT WARNING * * *
You feel very sick. The water moccasin bites you.
* * * LOW HITPOINT WARNING * * *
The water moccasin bites you.
* * * LOW HITPOINT WARNING * * *
You feel better.
The water moccasin bites you but does no damage.
You hit the water moccasin.
The water moccasin is severely wounded.
The water moccasin bites you.
* * * LOW HITPOINT WARNING * * *
You are poisoned.
The water moccasin poisons you! The water moccasin misses you.
You closely miss the water moccasin.
The water moccasin is severely wounded.
* * * LOW HITPOINT WARNING * * *
You feel very sick. The water moccasin bites you.
* * * LOW HITPOINT WARNING * * *
You are more poisoned.
The water moccasin poisons you!
You closely miss the water moccasin.
The water moccasin is severely wounded.
You die...

,, , , # , , *
,. * * *.## *
,, * .. ,* ,,
####.## , * , *
* ##.#... , , ,
, #..S)# * * *
* ~ #..@.# , *
#...## * * * ,
# ***##.## , ,
...####.# *
...?....#
........####
,...#####...##
, .. ##.....##
,
#.#####.......#
* ,


You could see a water moccasin.

Vanquished Creatures
  Blork the orc (D:4)
  2 orc priests
  Terence (D:2)
  An iguana (D:4)
  3 gnolls
  2 adders (D:3)
  2 worms
  2 dart slugs (D:3)
  8 orcs
  5 endoplasms
  3 giant cockroaches
  3 goblins
  5 hobgoblins
  7 jackals
  3 ball pythons
  9 bats
  2 frilled lizards (D:2)
  6 kobolds
  7 rats
72 creatures vanquished.

Notes
Turn   | Place    | Note
-------+----------+-------------------------------------------
     0 | D:1      | monsoonserge the Meteoran Monk began the quest for the Orb.
     0 | D:1      | Reached XP level 1. HP: 19/19 MP: 2/2
    55 | D:1      | Reached XP level 2. HP: 26/26 MP: 3/3
    66 | D:1      | Reached skill level 4 in Long Blades
   230 | D:1      | Reached XP level 3. HP: 31/31 MP: 4/4
   621 | D:2      | Noticed Terence
   630 | D:2      | Killed Terence
   631 | D:2      | Reached skill level 5 in Long Blades
   631 | D:2      | Reached XP level 4. HP: 40/40 MP: 5/5
   697 | D:2      | Reached XP level 5. HP: 29/46 MP: 6/6
  1072 | D:3      | Found a faded altar of an unknown god.
  1078 | D:3      | Found a shimmering blue altar of Sif Muna.
  1166 | D:4      | Reached skill level 1 in Armour
  1166 | D:4      | Reached XP level 6. HP: 31/52 MP: 7/7
  1173 | D:4      | Reached skill level 6 in Long Blades
  1344 | D:4      | Found a staircase to the Ecumenical Temple.
  1391 | Temple   | Entered the Ecumenical Temple
  1601 | D:4      | Noticed Blork the orc
  1608 | D:4      | Killed Blork the orc
  1609 | D:4      | Reached XP level 7. HP: 52/60 MP: 8/8
  1623 | D:5      | Entered Level 5 of the Dungeon
  1686 | D:5      | Noticed a water moccasin
  1715 | D:5      | Succumbed to a water moccasin's poison

Illustrated notes

Levels and vault maps discovered:
D:1:      psy_arrival_whirlpool, layout_basic, serial_bayou_crossing
D:2:      cheibrodos_pilgrimage, layout_loops_ring,
          minmay_misc_feat_more_columns, uniq_terence
D:3:      layout_basic, nicolae_overflow_ecumenical_swirl, serial_shops, shop
D:4:      layout_basic, kb_xom_exploding_sheep,
          minmay_temple_entry_gardened_gates, uniq_blork_the_orc
D:5:      layout_loops_ring, mainiacjoe_overflow_paths, slow_altar_2,
          ebering_ghost_reflecting_pool, serial_shops,
          nicolae_inconvenience_store, minmay_misc_feat_hallway,
          small_statue_intersection, minivault_4
Temple:   nicolae_temple_slightly_damp_pantheon

Skill      XL: |  1  2  3  4  5  6 |
---------------+-------------------+-----
Long Blades    | 4 5 6 |  6.5
Dodging        | 4 |  4.7
Fighting       | 4 |  4.5
Armour         | 1 |  1.9

Action                     |  1- 3 |  4- 6 |  7- 9 || total
---------------------------+-------+-------+-------++-------
  Melee: Falchion          |    84 |   127 |    25 ||   236
    Use: Scroll            |       |     9 |       ||     9
         Potion            |       |       |     1 ||     1
 Armour: Robe              |    25 |       |       ||    25
         Ring mail         |       |    64 |     7 ||    71
  Dodge: Dodged            |    47 |    83 |    12 ||   142
